 Dungeon Crawl Stone Soup version 0.21-a0-528-gf531e82c92 (webtiles) character file.

283 JackS81 the Ruffian (level 6, 0/55 HPs)
             Began as a Troll Transmuter on Dec 8, 2017.
             Slain by a gnoll shaman
             ... wielding a +0 club
              (1 damage)
             ... on level 5 of the Dungeon.
             The game lasted 00:11:44 (3108 turns).

JackS81 the Ruffian (Troll Transmuter)              Turns: 3108, Time: 00:11:44

Health: 0/55       AC:  5    Str: 19    XL:     6   Next: 7%
Magic:  5/6        EV: 10    Int: 11    God:
Gold:   201        SH:  0    Dex: 10    Spells: 1/7 levels left

rFire    . . .     SeeInvis .     - Unarmed
rCold    . . .     Gourm    +   (no shield)
rNeg     . . .     Faith    .   b - +0 robe
rPois    .         Spirit   .   (helmet restricted)
rElec    .         Reflect  .   (no cloak)
rCorr    .         Harm     .   (gloves unavailable)
MR       .....                  (boots unavailable)
Stlth    ++........             (no amulet)
HPRegen  0.58/turn              j - ring of stealth
MPRegen  0.10/turn              (no ring)

@: appendage (expiring)
A: large, unfitting armour, claws 3, horns 2, fast metabolism 3, gourmand,
regeneration 1, shaggy fur 1, tough skin 2
a: End Transformation


You were on level 5 of the Dungeon.
You were completely stuffed.
You had grown temporary horns.
You visited 1 branch of the dungeon, and saw 5 of its levels.

You collected 201 gold pieces.

Inventory:

Hand Weapons
 r - a +0 blowgun
Missiles
 a - 12 arrows
 s - 26 poisoned needles
Armour
 b - a +0 robe (worn)
Magical Staves
 C - an uncursed staff of summoning
Jewellery
 j - a ring of stealth (left claw)
Wands
 A - a wand of acid (7)
Scrolls
 f - 4 scrolls of magic mapping
 g - a scroll of fog {unknown}
 i - a scroll of immolation
 n - a scroll of blinking {unknown}
 o - a scroll of remove curse
 p - 4 scrolls of identify
 u - a scroll of teleportation
 y - a scroll of enchant armour {unknown}
Potions
 e - a potion of berserk rage {unknown}
 k - 4 potions of curing
 m - 4 potions of flight {unknown}
 q - a potion of brilliance {unknown}
 t - a potion of mutation {unknown}
 v - a potion of might {unknown}
 z - a potion of heal wounds {unknown}
 B - 2 potions of degeneration {unknown}
Books
 c - a book of Changes

   Spells                             Type                      Level
   a - Beastly Appendage              Transmutation                1
   b - Sticks to Snakes               Transmutation                2
   c - Spider Form                    Transmutation/Poison         3
   d - Ice Form                       Ice/Transmutation            4
   e - Blade Hands                    Transmutation                5
Comestibles
 d - 3 bread rations
 h - 2 meat rations
 l - a royal jelly
 w - 2 fruits


   Skills:
 + Level 1.0 Fighting
 - Level 1.7 Dodging
 + Level 4.7 Unarmed Combat
 - Level 1.2 Spellcasting
 * Level 3.1 Transmutations
 * Level 1.9 Poison Magic


You had one spell level left.
You knew the following spells:

 Your Spells              Type           Power        Failure   Level  Hunger
a - Beastly Appendage     Tmut           #.....       9%          1    ##.....
b - Spider Form           Tmut/Pois      #.........   32%         3    ####...
c - Sticks to Snakes      Tmut           #.......     13%         2    ###....


Dungeon Overview and Level Annotations

Branches:
Dungeon (5/15)
 Temple: D:4-7

Altars:
Ashenzari
Okawaru


Innate Abilities, Weirdness & Mutations

You are too large for most types of armour.
You have claws for hands.
Your metabolism is lightning-fast.
You like to eat raw meat.
Your natural rate of healing is unusually fast.
You are covered in fur. (AC +1)
You have very tough skin. (AC +2)
You have a pair of horns on your head.


Message History

You scratch the centaur.
The centaur is lightly wounded.
The centaur hits you. The gnoll closely misses you. The centaur hits you!
A gnoll comes into view. It is wielding a spear.
You barely miss the centaur.
The centaur is lightly wounded.
Your transformation is almost over.
The gnoll closely misses you. The gnoll shaman completely misses you.
The centaur hits you.
You scratch the gnoll.
You kill the gnoll!
The gnoll hits you from afar with a spear.
* * * LOW HITPOINT WARNING * * *
The centaur closely misses you.
The gnoll hits you with an enchanted flail.
* * * LOW HITPOINT WARNING * * *
The gnoll hits you with a flail!
* * * LOW HITPOINT WARNING * * *
The gnoll shaman hits you with a club.
You die...

,,_,,*
****,,,,,,,,,,*****,******
,,,,,*
*,,,,,,,,,,,,,+,,,,,*,,,,,
,,,,,*
*,****##*+*,,,*******,****
****** *,* ###$,,,,,,*
*,*,,, #.* #...,,,,###
*,*,*, #.###...,,##..#
*,*,*, #......g##g(..#
*,*,*, *.?.#.##ggc##.#
*,,,,, *.......g@)...#
***,** *#...#.#..##...#
*,* *....#.........# *,*
*,,,#....#.##..# *,*
*,,,#..#.......#* *,*
*,,#...#.#..##..# ****,*
*,,#$#...#.#....# *,,,,*
*,#..#.....#.#..#****,****
*,#...........,...,,,,*


You could see a centaur, a gnoll shaman and 4 gnolls.

Vanquished Creatures
  Terence (D:2)
  3 worker ants
  A gnoll (D:5)
  8 adders
  3 oozes
  An adder zombie (D:5)
  2 worms
  2 dart slugs
  3 leopard geckos
  9 orcs
  2 giant cockroaches
  5 goblins
  5 hobgoblins
  5 jackals (D:1)
  5 kobolds
  A quokka (D:2)
  2 ball pythons
  4 bats
  2 frilled lizards (D:2)
  A quokka skeleton (D:4)
  6 rats
71 creatures vanquished.

Notes
Turn   | Place    | Note
-------+----------+-------------------------------------------
     0 | D:1      | JackS81 the Troll Transmuter began the quest for the Orb.
     0 | D:1      | Reached XP level 1. HP: 18/18 MP: 1/1
   132 | D:1      | Reached XP level 2. HP: 26/26 MP: 2/2
   407 | D:1      | Reached XP level 3. HP: 32/32 MP: 3/3
   527 | D:1      | Reached skill level 4 in Unarmed Combat
   671 | D:2      | Learned a level 3 spell: Spider Form
   985 | D:2      | Reached XP level 4. HP: 40/40 MP: 2/4
  1040 | D:2      | Noticed Terence
  1058 | D:2      | Killed Terence
  1058 | D:2      | Reached skill level 1 in Poison Magic
  1486 | D:3      | Found a shattered altar of Ashenzari.
  1498 | D:3      | Reached XP level 5. HP: 46/46 MP: 3/5
  1525 | D:3      | Learned a level 2 spell: Sticks to Snakes
  2757 | D:4      | Found an iron altar of Okawaru.
  2942 | D:5      | Entered Level 5 of the Dungeon
  3046 | D:5      | Reached XP level 6. HP: 54/54 MP: 4/6
  3088 | D:5      | Reached skill level 1 in Fighting
  3108 | D:5      | HP: 1/55 [gnoll/flail (12)]
  3108 | D:5      | Slain by a gnoll shaman

Vault maps used:
D:1:      scummos_arrival_checkerplants
D:2:      serial_glass, glass_columns_a, glass_columns_b, glass_columns_a,
          glass_columns_a, glass_columns_a, glass_columns_a, glass_columns_b,
          glass_columns_b, uniq_terence
D:3:      evilmike_ruin_ashenzari
D:4:      lemuel_coloured_pillars_altar, first_bread, grunt_decor_arrowhead,
          hangedman_decor_riveting
D:5:      lemuel_upstairs_altar, hangedman_decor_peaks_small

Skill      XL: |  1  2  3  4  5  6 |
---------------+-------------------+-----
Unarmed Combat | 4 |  4.7
Transmutations | 2 3 |  3.1
Poison Magic   | 1 |  1.9
Fighting       | 1 |  1.0
Dodging        | |  1.7
Spellcasting   | |  1.2

Action                   |  1- 3 |  4- 6 || total
-------------------------+-------+-------++-------
Melee: Unarmed           |    69 |   111 ||   180
       Punch             |     1 |     2 ||     3
       Kick              |     1 |     7 ||     8
       Headbutt          |     1 |     4 ||     5
 Cast: Beastly Appendage |     5 |    23 ||    28
  Use: Scroll            |       |     5 ||     5
 Stab: Sleeping          |     2 |     2 ||     4
  Eat: Chunk             |    15 |    20 ||    35
Armor: Robe              |    17 |    23 ||    40
Dodge: Dodged            |    30 |    49 ||    79

Table legend:
 A = Spawn XP
 B = Non-spawn XP
 C = Spawn XP percentage of total XP
 D = Spawn monster count
 E = Non-spawn monster count
 F = Spawn count percentage of total count
 G = Total turns spent on level
                    A         B        C        D         E        F      G
               +---------+---------+-------+---------+---------+-------+---------
         Total |       0 |     405 |   0.0 |       0 |      71 |   0.0 |  3108
               +---------+---------+-------+---------+---------+-------+---------
           D:1 |       0 |      44 |   0.0 |       0 |      22 |   0.0 |   650
           D:2 |       0 |     106 |   0.0 |       0 |      15 |   0.0 |   613
           D:3 |       0 |     107 |   0.0 |       0 |      17 |   0.0 |   913
           D:4 |       0 |     117 |   0.0 |       0 |      12 |   0.0 |   766
           D:5 |       0 |      31 |   0.0 |       0 |       5 |   0.0 |   166
               +---------+---------+-------+---------+---------+-------+---------
